 Dungeon Crawl Stone Soup version 0.22.1-1-ga44c0e5 (webtiles) character file.

10613 Iscandelvey the Cleaver (level 11, -3/144 HPs)
             Began as a Deep Dwarf Berserker on Oct 23, 2018.
             Was a Believer of Trog.
             Slain by an orc warlord
             ... wielding a +0 great mace
              (49 damage)
             ... on level 1 of the Orcish Mines.
             The game lasted 00:58:35 (10906 turns).

Iscandelvey the Cleaver (Deep Dwarf Berserker)     Turns: 10906, Time: 00:58:36

Health: -3/144     AC: 11    Str: 29    XL:     11   Next: 38%
Magic:  10/10      EV: 13    Int: 10    God:    Trog [**....]
Gold:   941        SH: 14    Dex: 12    Spells: 10/10 levels left

rFire    + . .     SeeInvis .   W - +2 war axe (flame)
rCold    x . .     Gourm    .   y - +2 shield
rNeg     . . .     Faith    .   f - +0 ring mail
rPois    .         Spirit   .   m - +0 helmet
rElec    .         Reflect  .   g - +0 cloak
rCorr    .         Harm     .   J - +0 pair of gloves
MR       +++..                  A - +0 pair of boots (curse)
Stlth    ..........             (no amulet)
HPRegen  1.00/turn              S - ring of Ixzeibuf {Fire Str+2}
MPRegen  0.12/turn              C - ring of wizardry

@: berserking, non-regenerating, very quick
A: damage resistance, heal wounds, sense surroundings 2, no regeneration
a: Heal Wounds, Berserk, Trog's Hand, Renounce Religion


You were on level 1 of the Orcish Mines.
You worshipped Trog.
Trog was pleased with you.
You were near starving.

You visited 3 branches of the dungeon, and saw 13 of its levels.

You collected 997 gold pieces.
You spent 56 gold pieces at shops.

Inventory:

Hand Weapons
 a - a +0 hand axe
 M - a +0 battleaxe
 R - a +0 broad axe
 W - a +2 war axe of flaming (weapon)
Missiles
 h - a throwing net
 F - 12 tomahawks (quivered)
 H - 2 poisoned javelins
 I - 5 javelins of penetration
 V - 27 bolts
Armour
 b - a +0 animal skin
 f - a +0 ring mail (worn)
 g - a +0 cloak (worn)
 m - a +0 helmet (worn)
 y - a +2 shield (worn)
 A - a cursed +0 pair of boots (worn)
 J - a +0 pair of gloves (worn)
Jewellery
 C - a ring of wizardry (right hand)
 S - the ring of Ixzeibuf (left hand) {Fire Str+2}
   (You found it on level 10 of the Dungeon)

   [ring of fire]

   It enhances your fire magic.
   It affects your strength (+2).
   It protects you from fire.
   It makes you vulnerable to cold.
Wands
 x - a wand of iceblast (4)
 D - a wand of polymorph (17)
 L - a wand of digging (18)
 Q - a wand of disintegration (12)
Scrolls
 e - 6 scrolls of teleportation {unknown}
 i - 5 scrolls of remove curse {unknown}
 j - 7 scrolls of identify {unknown}
 l - 2 scrolls of noise {unknown}
 o - 2 scrolls of random uselessness {unknown}
 t - 2 scrolls of amnesia {unknown}
 v - 2 scrolls of enchant armour {unknown}
 w - a scroll of magic mapping {unknown}
 B - a scroll of fog {unknown}
 G - 2 scrolls of blinking {unknown}
 N - a scroll of holy word {unknown}
 O - a scroll of enchant weapon {unknown}
 P - a scroll of immolation {unknown}
Potions
 d - a potion of berserk rage {unknown}
 k - 4 potions of curing {unknown}
 n - 2 potions of brilliance {unknown}
 p - 3 potions of degeneration {unknown}
 q - a potion of lignification {unknown}
 r - 2 potions of heal wounds {unknown}
 s - 2 potions of might
 u - a potion of cancellation {unknown}
 z - 2 potions of magic {unknown}
 E - a potion of agility {unknown}
 K - a potion of ambrosia {unknown}
 T - a potion of haste {unknown}
Comestibles
 c - 13 rations


   Skills:
 - Level 5.6 Fighting
 * Level 13.6 Axes
 - Level 3.7 Throwing
 - Level 6.4 Armour
 - Level 5.8 Dodging
 - Level 1.8 Stealth
 - Level 8.6 Shields


You had 10 spell levels left.
You didn't know any spells.
Your spell library was empty.

Dungeon Overview and Level Annotations

Branches:
Dungeon (11/15)            Temple (0/1) D:6            Lair (1/6) D:10
    Orc (1/2) D:9

Altars:
Ashenzari
Cheibriados
Dithmenos
Elyvilon
Kikubaaqudgha
Nemelex Xobeh
Ru
Sif Muna
Trog
Uskayaw
Vehumet
Wu Jian
Xom
Yredelemnul
The Shining One

Shops:
D:6 *   D:8 %   Orc:1 :


Innate Abilities, Weirdness & Mutations

You are resistant to damage.
You can heal yourself by infusing magical energy.
You passively map the area around you.
You do not regenerate.


Message History

The tomahawk hits you.
You slash the orc knight! You burn the orc knight.
The orc knight is severely wounded.
You closely miss the orc warlord. You barely miss the orc knight.
The orc knight is severely wounded.
You slice the orc warlord!! You burn the orc warlord.
The orc knight hits you with a great mace.
The orc warrior throws a tomahawk.
The tomahawk hits you!
The orc warlord roars a battlecry!
The orc warrior goes into a battle-frenzy!
You closely miss the orc knight.
The orc knight is severely wounded.
You hit the orc warlord. You burn the orc warlord. You slash the orc knight!
You burn the orc knight!
You kill the orc knight!
Trog accepts your kill.
You hit the orc warlord. You burn the orc warlord.
The orc warlord hits you with a great mace!!!
You die...

#..##.....##..#.......#.
#..#.......#..#......#..
#..#.[...[.#..#.........
#..#.......#o.#...#.....
#..##.....##..#.......##
#...#######...#......#.#
#..o........##.........
##.....o...##.#.#......
###8.@)8###..........#
#....(.)#........###
##....)#.....#####
##.#(#).....##
###.#.......#
#...#...#.##
##.##......# #####....##
##.#.##


You could see an orc warlord and an orc warrior.

Vanquished Creatures
  A two-headed ogre (D:8)
  An orc knight (Orc:1)
  A hornet (D:8)
  A troll (D:10)
  A hippogriff (Lair:1)
  Sigmund (D:5)
  A yak (D:7)
  A human (D:7)
  3 hogs (D:7)
  2 wyverns (D:10)
  Menkaure (D:6)
  3 hungry ghosts (D:9)
  2 wargs (Orc:1)
  3 porcupines (Lair:1)
  A water moccasin (D:9)
  10 orc warriors
  3 ice beasts
  2 sky beasts
  5 centaurs
  7 ogres
  A phantom (D:9)
  6 wolves (D:10)
  A crocodile (Lair:1)
  9 bullfrogs
  A troll zombie (D:9)
  4 killer bees (D:8)
  4 howler monkeys (D:8)
  7 wights (D:8)
  3 electric eels (D:10)
  8 crimson imps
  2 bullfrog zombies
  A centaur zombie (D:8)
  A quasit (D:6)
  3 bullfrog skeletons
  7 hounds
  6 orc priests
  3 jellies
  19 orc wizards
  Jessica (D:2)
  A centaur skeleton (D:4)
  3 iguanas
  8 worker ants
  5 ogre zombies (D:9)
  A hound zombie (D:6)
  A howler monkey zombie (D:8)
  10 adders
  4 gnolls (D:5)
  A howler monkey skeleton (D:4)
  An ooze (D:3)
  An adder skeleton (D:8)
  2 adder zombies (D:6)
  2 worms (D:5)
  6 dart slugs
  8 leopard geckos
  57 orcs
  A ball python (D:5)
  4 giant cockroaches
  5 goblins
  2 hobgoblins
  14 jackals
  2 quokkas (D:2)
  10 bats
  3 frilled lizards
  A giant cockroach zombie (D:5)
  2 gnoll zombies (D:3)
  3 goblin skeletons (D:9)
  A goblin zombie (D:9)
  2 hobgoblin zombies (D:9)
  5 kobolds
  A leopard gecko skeleton (D:5)
  A leopard gecko zombie (D:8)
  2 orc skeletons (D:9)
  11 orc zombies (D:9)
  A quokka skeleton (D:5)
  7 rats
326 creatures vanquished.

Notes
Turn   | Place    | Note
-------+----------+-------------------------------------------
     0 | D:1      | Iscandelvey the Deep Dwarf Berserker began the quest for
                  | the Orb.
     0 | D:1      | Reached XP level 1. HP: 20/20 MP: 1/1
   292 | D:1      | Reached XP level 2. HP: 22/28 MP: 2/2
   318 | D:1      | Found a shattered altar of Ashenzari.
  1031 | D:2      | Reached ** piety under Trog
  1031 | D:2      | Reached XP level 3. HP: 21/34 MP: 3/3
  1068 | D:2      | Reached skill level 4 in Axes
  1140 | D:2      | Found an ancient bone altar of Kikubaaqudgha.
  1168 | D:2      | Noticed Jessica
  1175 | D:2      | Killed Jessica
  1175 | D:2      | Reached XP level 4. HP: 36/42 MP: 4/4
  1438 | D:3      | Found a shimmering altar of Xom.
  1496 | D:3      | Found a white marble altar of Elyvilon.
  1611 | D:3      | Reached XP level 5. HP: 45/49 MP: 5/5
  1675 | D:3      | Found a radiant altar of Vehumet.
  1728 | D:3      | Reached skill level 5 in Axes
  1959 | D:3      | Found an ornate altar of the Wu Jian Council.
  2067 | D:3      | Found a basalt altar of Yredelemnul.
  2245 | D:4      | Reached skill level 1 in Shields
  2263 | D:4      | Reached XP level 6. HP: 55/56 MP: 6/6
  2275 | D:4      | Reached skill level 6 in Axes
  2325 | D:4      | Reached *** piety under Trog
  2351 | D:4      | Found a shadowy altar of Dithmenos.
  2473 | D:4      | Found a sacrificial altar of Ru.
  3108 | D:4      | Found a sparkling altar of Nemelex Xobeh.
  3418 | D:5      | Entered Level 5 of the Dungeon
  3419 | D:5      | Noticed Sigmund
  3498 | D:5      | Found a shattered altar of Ashenzari.
  3528 | D:5      | Reached XP level 7. HP: 37/62 MP: 7/7
  3573 | D:5      | Killed Sigmund
  3573 | D:5      | Reached skill level 7 in Axes
  3923 | D:5      | Reached XP level 8. HP: 72/72 MP: 8/8
  4056 | D:5      | Reached skill level 8 in Axes
  4409 | D:6      | Found Nybos's General Store.
  4491 | D:6      | Reached skill level 5 in Shields
  4523 | D:6      | Found a shadowy altar of Dithmenos.
  4599 | D:6      | Reached skill level 9 in Axes
  4671 | D:6      | Found a staircase to the Ecumenical Temple.
  4673 | D:6      | Noticed a dagger
  4674 | D:6      | Found a hide-covered altar of Uskayaw.
  4674 | D:6      | Noticed a dagger
  4786 | D:6      | Noticed Menkaure
  4807 | D:6      | Killed Menkaure
  4807 | D:6      | Gained mutation: You passively map the area around you.
                  | [Deep Dwarf growth]
  4807 | D:6      | Reached XP level 9. HP: 78/78 MP: 9/9
  5570 | D:7      | Reached skill level 1 in Stealth
  5574 | D:7      | Reached skill level 10 in Axes
  5580 | D:7      | Reached skill level 5 in Armour
  5738 | D:7      | Received a gift from Trog
  5917 | D:7      | Found a glowing golden altar of the Shining One.
  6219 | D:8      | Found a deep blue altar of Sif Muna.
  6328 | D:8      | Found a bloodstained altar of Trog.
  6496 | D:8      | Reached skill level 1 in Throwing
  6552 | D:8      | Found Taighac's Food Shop.
  6580 | D:8      | Reached skill level 5 in Dodging
  6606 | D:8      | Noticed a two-headed ogre
  6656 | D:8      | Killed a two-headed ogre
  6656 | D:8      | Reached skill level 11 in Axes
  6656 | D:8      | Reached XP level 10. HP: 86/87 MP: 10/10
  7041 | D:8      | Paralysed by a hornet for 1 turns
  7055 | D:8      | Paralysed by a hornet for 3 turns
  7061 | D:8      | Paralysed by a hornet for 3 turns
  7568 | D:9      | Reached skill level 5 in Fighting
  7769 | D:9      | Found a staircase to the Orcish Mines.
  8249 | D:9      | Received a gift from Trog
  8293 | D:9      | Found a snail-covered altar of Cheibriados.
  8302 | D:9      | Identified Muangij's Almanac of Moulding and Confrontation
  8454 | D:9      | Reached skill level 12 in Axes
  8722 | D:10     | Entered Level 10 of the Dungeon
  9280 | D:11     | Noticed a green ugly thing
  9281 | D:11     | Noticed an eight-headed hydra
  9284 | D:11     | Reached XP level 11. HP: 78/96 MP: 10/10
  9394 | D:6      | Bought a +0 broad axe for 56 gold pieces
  9666 | D:10     | Got a warped lapis lazuli ring
  9669 | D:10     | Identified the ring of Ixzeibuf {Fire Str+2} (You found it
                  | on level 10 of the Dungeon)
  9875 | D:10     | Found a staircase to the Lair.
  9901 | Lair:1   | Entered Level 1 of the Lair of Beasts
 10354 | Orc:1    | Entered Level 1 of the Orcish Mines
 10408 | Orc:1    | Reached skill level 13 in Axes
 10491 | Orc:1    | Found Tuhymmen's Book Boutique.
 10795 | Orc:1    | Noticed an orc knight
 10795 | Orc:1    | Noticed an orc warlord
 10906 | Orc:1    | Killed an orc knight
 10906 | Orc:1    | Slain by an orc warlord

Skill      XL: |  1  2  3  4  5  6  7  8  9 10 11 |
---------------+----------------------------------+-----
Fighting       | 3 4 5 |  5.6
Axes           | 4 5 6 7 9 11 12 13 | 13.6
Armour         | 3 4 5 6 |  6.4
Dodging        | 3 4 5 |  5.8
Shields        | 1 2 4 6 7 8 |  8.6
Stealth        | 1 |  1.8
Throwing       | 2 3 |  3.7

Action                   |  1- 3 |  4- 6 |  7- 9 | 10-12 || total
-------------------------+-------+-------+-------+-------++-------
Melee: Hand axe          |   128 |   280 |   556 |   663 ||  1627
       Broad axe         |       |       |       |   127 ||   127
       War axe           |       |       |       |    56 ||    56
Throw: Tomahawk          |       |       |     1 |     5 ||     6
       Throwing net      |       |       |       |     1 ||     1
Invok: Trog's Hand       |     2 |     3 |    14 |    41 ||    60
       Berserk           |       |       |    12 |    17 ||    29
 Abil: Heal Wounds       |       |       |       |     9 ||     9
 Stab: Sleeping          |     1 |       |       |       ||     1
       Distracted        |       |       |       |     1 ||     1
  Eat: Chunk             |     1 |    10 |    25 |    32 ||    68
       Ration            |       |       |       |     5 ||     5
Armor: Ring mail         |    47 |   120 |   137 |   229 ||   533
       Animal skin       |     4 |       |       |       ||     4
Dodge: Dodged            |   102 |   139 |   150 |   278 ||   669
Block: Shield            |       |   114 |   260 |   472 ||   846
